AoeStats
← MZTK | JONVI

Nomad

507372126Analyzed
2v2 RM · 14d ago on Sep 17, 2026· 30m 49s· 4 players
Game mode
Random Map
Map size
176×176
Population
200
Speed
Normal
Resources
Standard
Victory
Conquest
Starting age
Dark Age
Ending age
Imperial Age
RankedLock teamsTeams togetherTeam positionsShared explorationLock speedFull tech treeHidden civsTurbo modeCheats
Victory
Defeat
🇬🇧 Poles · United Kingdom
1174
+18
🇪🇸 Inca · Spain
1152
+19
🇨🇭 Maya · Switzerland
1244
-20
🇨🇴 Lithuanians · Colombia
1173
-17
MZTK | JONVI
2:53 Loom
14:35 Feudal Age
15:13 Town Watch
16:21 Fishing Lines
19:22 Double-Bit Axe
22:47 Castle Age
22:58 Arson
23:23 Scale Mail Armor
23:33 Forging
24:22 Gillnets
30:58 Chain Mail Armor
doushyradar
4:31 Loom
13:37 Feudal Age
14:21 Double-Bit Axe
17:02 Forging
25:18 Castle Age
23:44 Bloodlines
24:04 Fletching
26:27 Bodkin Arrow
27:08 Iron Casting
30:30 Fishing Lines
ink55
4:38 Loom
13:48 Feudal Age
20:02 Castle Age
21:20 Fletching
21:28 Gold Mining
25:35 Stone Mining
25:36 Horse Collar
25:55 Bodkin Arrow
26:31 Arson
28:46 Squires
skaad102
7:00 Loom
13:30 Feudal Age
14:23 Double-Bit Axe
20:24 Castle Age
19:36 Forging
23:58 Wheelbarrow
24:02 Iron Casting
24:34 Medium Warships
26:14 Bloodlines
28:11 Fletching
Connection lost

Rejoining the realm…

Still unreachable

The connection could not be restored.

Session expired

The server has moved on; the page needs a fresh start.